AoeStats
← Pr Hapi

Migration

510175932Analyzed
1v1 RM · 4d ago on Sep 29, 2026· 76m 57s· 2 players
Game mode
Random Map
Map size
132×132
Population
200
Speed
Normal
Resources
Standard
Victory
Conquest
Starting age
Dark Age
Ending age
Imperial Age
RankedLock teamsTeams togetherTeam positionsShared explorationLock speedFull tech treeHidden civsTurbo modeCheats
Victory
Defeat
🇫🇮 Franks · Finland
903
+21
🇨🇴 Huns · Colombia
908
-16
Pr Hapi
12:06 Feudal Age
12:24 Loom
13:56 Double-Bit Axe
15:26 Loom
16:56 Gold Mining
17:02 Stone Mining
21:08 Scale Barding Armor
23:05 Castle Age
25:12 Bow Saw
28:46 Imperial Age
27:30 Medium Warships
28:49 Husbandry
29:54 Gold Shaft Mining
29:14 Fletching
30:02 Wheelbarrow
31:28 Cavalier
35:02 Heavy Warships
36:33 Forging
36:21 Bodkin Arrow
37:21 Forging
42:44 Chain Barding Armor
47:11 Plate Barding Armor
47:13 Iron Casting
47:59 Ballistics
48:39 Chemistry
48:42 Hand Cart
48:24 Paladin
54:41 Blast Furnace
63:19 Pikeman
64:55 Elite Throwing Axeman
65:59 Conscription
67:20 Scale Mail Armor
66:44 Halberdier
68:47 Murder Holes
69:00 Siege Engineers
77:14 Hoardings
suluemartinez
9:26 Loom
12:31 Feudal Age
14:18 Wheelbarrow
13:30 Double-Bit Axe
15:41 Fletching
15:52 Padded Archer Armor
20:28 Castle Age
21:37 Hand Cart
21:38 Medium Warships
21:27 Bodkin Arrow
23:13 Leather Archer Armor
35:15 Imperial Age
34:38 Murder Holes
35:04 Ballistics
35:36 Masonry
42:15 Conscription
46:05 Heavy Warships
45:52 Elite Tarkan
47:04 Conscription
46:05 Elite Tarkan
49:25 Scale Barding Armor
49:31 Forging
52:52 Marauders
53:20 Chain Barding Armor
53:36 Iron Casting
57:13 Bracer
57:58 Squires
57:19 Pikeman
58:26 Halberdier
64:52 Husbandry
65:26 Bloodlines
70:22 Scale Mail Armor
71:24 Blast Furnace
Connection lost

Rejoining the realm…

Still unreachable

The connection could not be restored.

Session expired

The server has moved on; the page needs a fresh start.